 Dungeon Crawl Stone Soup version 0.21.1-1-g345015f (webtiles) character file.

855 yevrey the Ruffian (level 7, -2/59 HPs)
             Began as a Green Draconian Transmuter on Apr 1, 2018.
             Was an Initiate of Sif Muna.
             Slain by a bullfrog (5 damage)
             ... on level 6 of the Dungeon on Apr 2, 2018.
             The game lasted 00:20:23 (6520 turns).

yevrey the Ruffian (Green Draconian Transmuter)     Turns: 6520, Time: 00:20:24

Health: -2/59      AC:  2    Str: 10 (13) XL:     7   Next: 70%
Magic:  6/12       EV: 25    Int: 13 (15) God:    Sif Muna [......]
Gold:   81         SH:  0    Dex: 20 (21) Spells: 7/13 levels left

rFire    . . .     SeeInvis .     - Unarmed
rCold    . . .     Gourm    .   (shield currently unavailable)
rNeg     . . .     Faith    .   (armour unavailable)
rPois    x         Spirit   .   (helmet currently unavailable)
rElec    .         Reflect  .   (cloak currently unavailable)
rCorr    .         Harm     .   (gloves currently unavailable)
MR       .....                  (boots currently unavailable)
Stlth    +++.......             (no amulet)
HPRegen  0.19/turn              (no ring)
MPRegen  0.13/turn              (no ring)

@: agile, spider-form, very slightly contaminated
A: tiny, (breathe noxious fumes), unfitting armour, AC +6
a: End Transformation, Renounce Religion


You were on level 6 of the Dungeon.
You worshipped Sif Muna.
Sif Muna was noncommittal.
You were not hungry.
You were a venomous arachnid creature.
You visited 2 branches of the dungeon, and saw 7 of its levels.

You collected 81 gold pieces.

Inventory:

Hand Weapons
 i - a +4 quarterstaff of chaos
 k - the +3 hunting sling of Saltpetre {speed, rPois, unknown}
   (You found it on level 4 of the Dungeon)

   Attacks with this weapon are significantly faster.
   It protects you from poison.
Missiles
 a - 62 arrows
 y - 4 silver tomahawks
 A - 2 tomahawks (quivered)
Armour
 l - a +2 cloak (melded)
Magical Staves
 C - an uncursed staff of energy (melded)
Jewellery
 x - the ring of Nymenaodgh {rElec rPois rN+ Slay-2}
   (You found it on level 4 of the Dungeon)

   [ring of positive energy]

   It affects your accuracy and damage with ranged weapons and melee attacks
   (-2).
   It insulates you from electricity.
   It protects you from poison.
   It protects you from negative energy.
Scrolls
 d - a scroll of enchant armour {unknown}
 e - a scroll of teleportation
 g - 2 scrolls of remove curse {unknown}
 n - 2 scrolls of noise {unknown}
 o - 2 scrolls of random uselessness
 p - a scroll of amnesia {unknown}
 t - a scroll of fear {unknown}
 u - a scroll of immolation {unknown}
 z - a scroll of enchant weapon {unknown}
Potions
 h - a potion of magic {unknown}
 m - a potion of lignification {unknown}
 q - a potion of agility
 r - 2 potions of degeneration
 s - a potion of might {unknown}
 v - a potion of berserk rage {unknown}
Books
 b - a book of Changes

   Spells                             Type                      Level
   a - Beastly Appendage              Transmutation                1
   b - Sticks to Snakes               Transmutation                2
   c - Spider Form                    Transmutation/Poison         3
   d - Ice Form                       Ice/Transmutation            4
   e - Blade Hands                    Transmutation                5
Comestibles
 c - 7 rations


   Skills:
 * Level 4.0 Fighting
 + Level 2.4 Dodging
 + Level 5.5 Unarmed Combat
 + Level 3.8 Spellcasting
 * Level 4.2 Transmutations
 + Level 3.3 Poison Magic


You had 7 spell levels left.
You knew the following spells:

 Your Spells              Type           Power        Failure   Level  Hunger
a - Beastly Appendage     Tmut           ##....       12%         1    #......
b - Sticks to Snakes      Tmut           ##......     16%         2    ##.....
c - Spider Form           Tmut/Pois      ##........   30%         3    ###....


Dungeon Overview and Level Annotations

Branches:
Dungeon (6/15)             Temple (1/1) D:5

Altars:
Ashenzari
Cheibriados
Dithmenos
Elyvilon
Fedhas
Gozag
Hepliaklqana
Kikubaaqudgha
Makhleb
Nemelex Xobeh
Okawaru
Qazlal
Sif Muna
Uskayaw
Vehumet
Wu Jian
Xom
Yredelemnul
Zin
The Shining One

Shops:
D:4 :   D:5 !

Annotations:
D:4 Inf1d3l's ghost, amateur GrFi
D:6 1 runed door


Innate Abilities, Weirdness & Mutations

((You can breathe blasts of noxious fumes.))
((Your lurid green scales are hard. (AC +6)))
You cannot fit into any form of body armour.
((Your system is resistant to poisons. (rPois)))
((You are cold-blooded and may be slowed by cold attacks.))


Message History

Confirm with . or Enter, or press ? or * to list all spells.
You miscast Spider Form.
You are very lightly contaminated with residual magic.
Nothing appears to happen.
The bullfrog snags a nearby butterfly with its tongue.
The bullfrog closely misses you.
Unknown command.
Casting: Spider Form
Confirm with . or Enter, or press ? or * to list all spells.
You turn into a venomous arachnid creature.
Your uncursed staff of energy melds into your body.
Your +2 cloak melds into your body.
The bullfrog completely misses you. The bullfrog closely misses you.
You bite the bullfrog!
The bullfrog is poisoned.
The bullfrog is moderately wounded.
The bullfrog misses you.
You closely miss the bullfrog.
The bullfrog is moderately wounded.
The bullfrog hits you.
You die...

#...... #######
###### #....#
.o#####....#
...........#
.........########
.........s..$...#
########..F.....#
#........#
#........# ...#
#......%.# ...#
#........# ...#
#........# ...#
#........# ...#
#........#


You could see a bullfrog.

Vanquished Creatures
  A phantom (D:5)
  2 ogres
  A scorpion (D:5)
  A killer bee (D:6)
  A howler monkey (D:4)
  A crimson imp (D:5)
  A hound (D:4)
  2 jellies (D:5)
  An orc wizard (D:4)
  Crazy Yiuf (D:2)
  A bullfrog skeleton (D:5)
  5 worker ants
  2 adders (D:4)
  An ooze (D:4)
  An adder skeleton (D:5)
  A worm (D:3)
  3 dart slugs
  3 leopard geckos
  15 orcs
  5 giant cockroaches
  7 goblins
  8 hobgoblins
  2 jackals (D:3)
  4 kobolds
  4 quokkas
  A ball python (D:3)
  11 bats
  6 frilled lizards
  A leopard gecko skeleton (D:5)
  A quokka zombie (D:5)
  13 rats
107 creatures vanquished.

Vanquished Creatures (collateral kills)
  A shadow imp (D:5)
  A giant cockroach (D:6)
2 creatures vanquished.

Grand Total: 109 creatures vanquished

Notes
Turn   | Place    | Note
-------+----------+-------------------------------------------
     0 | D:1      | yevrey the Draconian Transmuter began the quest for the Orb.
     0 | D:1      | Reached XP level 1. HP: 16/16 MP: 3/3
   248 | D:1      | Reached XP level 2. HP: 22/23 MP: 5/5
   259 | D:1      | Learned a level 2 spell: Sticks to Snakes
   672 | D:1      | Reached XP level 3. HP: 20/29 MP: 4/6
   688 | D:1      | Learned a level 3 spell: Spider Form
  1152 | D:2      | Found a runed door.
  1158 | D:2      | Noticed Crazy Yiuf
  1169 | D:2      | Killed Crazy Yiuf
  1169 | D:2      | Reached XP level 4. HP: 12/36 MP: 3/7
  1588 | D:2      | Noticed an ogre
  1599 | D:2      | Killed an ogre
  1599 | D:2      | Reached skill level 4 in Unarmed Combat
  1599 | D:2      | Reached skill level 1 in Poison Magic
  1599 | D:2      | Reached XP level 5. HP: 37/42 MP: 2/9
  1849 | D:3      | Found an iron altar of Okawaru.
  2811 | D:4      | Reached XP level 6. HP: 45/50 MP: 8/10
  2816 | D:5      | Entered Level 5 of the Dungeon
  2881 | D:4      | Found Feewnuji's Book Shoppe.
  3066 | D:4      | Noticed Inf1d3l's ghost (amateur GrFi)
  3276 | D:4      | Got a fine hunting sling
  3926 | D:4      | Got a warped lead ring
  4775 | D:5      | Reached skill level 5 in Unarmed Combat
  4849 | D:5      | Found a staircase to the Ecumenical Temple.
  4854 | Temple   | Entered the Ecumenical Temple
  5120 | D:5      | Your scales start taking on a lurid green colour.
  5120 | D:5      | Reached XP level 7. HP: 34/57 MP: 12/12
  5120 | D:5      | Gained mutation: Your system is resistant to poisons. (rPois) [Green Draconian growth]
  5549 | D:5      | Found Yddarchu's Distillery.
  6146 | D:5      | Found a blossoming altar of Fedhas.
  6255 | Temple   | Became a worshipper of Sif Muna the Loreminder
  6407 | D:6      | Found a runed door.
  6423 | D:6      | Identified the ring of Nymenaodgh {rElec rPois rN+ Slay-2} (You found it on level 4 of the Dungeon)
  6430 | D:6      | Found a runed door.
  6493 | D:6      | HP: 2/59 [poisoned by an adder]
  6501 | D:6      | HP: 2/59 [poisoned by an adder]
  6509 | D:6      | HP: 1/59 [poisoned by an adder]
  6520 | D:6      | Slain by a bullfrog

Skill      XL: |  1  2  3  4  5  6  7 |
---------------+----------------------+-----
Fighting       | 2 3 4 |  4.0
Unarmed Combat | 4 5 |  5.5
Poison Magic   | 1 3 |  3.3
Transmutations | 3 4 |  4.2
Spellcasting   | 3 |  3.8
Dodging        | 2 |  2.4

Action                   |  1- 3 |  4- 6 |  7- 9 || total
-------------------------+-------+-------+-------++-------
Melee: Unarmed           |   152 |   185 |    92 ||   429
       Tailslap          |     8 |    14 |     9 ||    31
       Kick              |     5 |     1 |    16 ||    22
       Headbutt          |     5 |    13 |       ||    18
       Punch             |     2 |       |     1 ||     3
       Staff             |       |       |    21 ||    21
Throw: Tomahawk          |       |       |     2 ||     2
 Cast: Beastly Appendage |    24 |    16 |     8 ||    48
       Spider Form       |     1 |    16 |     5 ||    22
       Sticks to Snakes  |       |     5 |     6 ||    11
 Abil: End Transformatio |       |       |     2 ||     2
       Breathe Noxious F |       |       |     1 ||     1
  Use: Potion            |       |     1 |     3 ||     4
       Scroll            |       |       |     8 ||     8
 Stab: Sleeping          |     2 |       |       ||     2
       Distracted        |       |     1 |       ||     1
  Eat: Chunk             |     2 |     6 |     2 ||    10
       Ration            |       |     3 |     1 ||     4
Armor: Skin              |    50 |    35 |    38 ||   123
Dodge: Dodged            |    93 |   111 |    76 ||   280
